 Dungeon Crawl Stone Soup version 0.25-a0-302-g9f758675c1 (webtiles) character file.

Game seed: 2205263703396053089, levelgen mode: deterministic

116 MoonlitKnight the Charmwright (level 5, -1/43 HPs)
             Began as a Gnoll Skald on Dec 20, 2019.
             Slain by an orc
             ... wielding a +0 mace
              (4 damage)
             ... on level 3 of the Dungeon.
             The game lasted 00:04:29 (2277 turns).

MoonlitKnight the Charmwright (Gnoll Skald)         Turns: 2277, Time: 00:04:30

Health: -1/43      AC:  6    Str: 15    XL:     5   Next: 0%
Magic:  12/12      EV: 13    Int: 15    God:
Gold:   106        SH:  0    Dex: 14    Spells: 6/14 levels left

rFire    . . .     SeeInvis .   o - -1 mace (curse)
rCold    . . .     Gourm    .   (no shield)
rNeg     + . .     Faith    .   e - +1 ring mail
rPois    .         Spirit   .   (no helmet)
rElec    .         Reflect  .   (no cloak)
rCorr    .         Harm     .   (no gloves)
MR       .....                  (no boots)
Stlth    +.........             (no amulet)
HPRegen  0.14/turn              g - ring of positive energy
MPRegen  0.13/turn              (no ring)

@: slowed, lightly drained, very slow
A: distributed training, fangs 1, strong nose
a: no special abilities


You were on level 3 of the Dungeon.
You were not hungry.

You visited 1 branch of the dungeon, and saw 3 of its levels.

You collected 106 gold pieces.

Inventory:

Hand Weapons
 a - a +0 trident
 b - a +0 hunting sling
 o - a cursed -1 mace (weapon)
Missiles
 h - 5 poisoned darts (quivered)
 p - 6 curare-tipped darts
Armour
 e - a +1 ring mail (worn)
Jewellery
 g - a ring of positive energy (left hand)
Scrolls
 i - 2 scrolls of amnesia
Potions
 f - a potion of berserk rage
 k - a potion of lignification {unknown}
 l - a potion of brilliance {unknown}
 n - a potion of heal wounds {unknown}
 q - a potion of curing {unknown}
Comestibles
 c - 5 chunks of flesh
 d - 11 rations


   Skills:
 + Level 4.7(4.6) Fighting
 + Level 1.2(1.1) Short Blades
 + Level 1.2(1.1) Long Blades
 + Level 1.2(1.1) Axes
 + Level 1.2(1.1) Maces & Flails
 + Level 4.7(4.6) Polearms
 + Level 1.2(1.1) Staves
 + Level 1.2(1.1) Slings
 + Level 1.2(1.1) Bows
 + Level 1.2(1.1) Crossbows
 + Level 1.2(1.1) Throwing
 + Level 2.8(2.7) Armour
 + Level 4.7(4.6) Dodging
 + Level 1.2(1.1) Stealth
 + Level 1.2(1.1) Shields
 + Level 1.2(1.1) Unarmed Combat
 + Level 5.1(5.0) Spellcasting
 + Level 1.0(0.9) Conjurations
 + Level 1.0(0.9) Hexes
 + Level 5.5(5.4) Charms
 + Level 1.0(0.9) Summonings
 + Level 1.0(0.9) Necromancy
 + Level 1.0(0.9) Translocations
 + Level 1.0(0.9) Transmutations
 + Level 1.0(0.9) Fire Magic
 + Level 1.0(0.9) Ice Magic
 + Level 1.0(0.9) Air Magic
 + Level 1.0(0.9) Earth Magic
 + Level 1.0(0.9) Poison Magic
 + Level 1.4(1.3) Invocations
 + Level 1.2(1.1) Evocations


You had 6 spell levels left.
You knew the following spells:

 Your Spells              Type           Power        Failure   Level  Hunger
b - Shroud of Golubria    Chrm/Tloc      ##....       13%         2    ##.....
c - Infusion              Chrm           ###.         3%          1    None
d - Regeneration          Chrm/Necr      ##........   26%         3    ###....
e - Song of Slaying       Chrm           ###.....     4%          2    ##.....

Your spell library contained the following spells:

 Spells                   Type           Power        Failure   Level  Hunger
 Spectral Weapon          Hex/Chrm       ##......     26%         3    ###....


Dungeon Overview and Level Annotations

Branches:
Dungeon (3/15)

Altars:


Innate Abilities, Weirdness & Mutations

Your experience applies equally to all skills.
You have very sharp teeth.
Your uncanny sense of smell can sniff out nearby items.


Message History

The orc wizard gestures wildly while chanting.
The orc wizard blinks!
The orc closely misses you. x2; The orc misses you.
The orc wizard gestures wildly while chanting.
The orc wizard blinks!
You hit the orc.
You kill the orc!
You have reached level 5!
The orc hits you with a +0 mace.
* * * LOW HITPOINT WARNING * * *
The orc barely misses you.
The orc wizard gestures at you while chanting.
You feel yourself slow down. The orc barely misses you.
You hit the orc.
The orc is almost dead.
The orc closely misses you. The orc wizard casts a spell at you.
The magic dart hits you!
* * * LOW HITPOINT WARNING * * *
The orc hits you with a +0 mace.
You die...

... #.# ... #.# #.
#.# . #. #.#
#.#.#####.####.#
#.#....oo........
.#......@[#####.###
..........§........
.####........####.###
.........÷...####..
....[......÷o.......
#............#######
#............#
#............#
######.######


You could see an orc wizard and 2 orcs.

Vanquished Creatures
  Crazy Yiuf (D:2)
  3 adders
  2 worms (D:2)
  3 leopard geckos
  An orc (D:3)
  5 bats
  3 giant cockroaches
  6 goblins
  4 hobgoblins
  4 jackals (D:2)
  4 kobolds
  2 quokkas (D:2)
  A ball python (D:3)
  2 frilled lizards
  6 rats
  A fungus (D:2)
48 creatures vanquished.

Notes
Turn   | Place    | Note
-------+----------+-------------------------------------------
     0 | D:1      | MoonlitKnight the Gnoll Skald began the quest for the Orb.
     0 | D:1      | Reached XP level 1. HP: 20/20 MP: 6/6
   270 | D:1      | Reached XP level 2. HP: 26/26 MP: 7/7
   877 | D:2      | Reached skill level 5 in Spellcasting
   877 | D:2      | Reached XP level 3. HP: 26/31 MP: 1/9
   909 | D:2      | Learned a level 2 spell: Shroud of Golubria
   913 | D:2      | Learned a level 3 spell: Spectral Weapon
   917 | D:2      | Learned a level 3 spell: Regeneration
   920 | D:2      | Learned a level 2 spell: Song of Slaying
   979 | D:2      | Reached skill level 1 in Invocations
  1253 | D:2      | Reached skill level 1 in Short Blades
  1253 | D:2      | Reached skill level 1 in Long Blades
  1253 | D:2      | Reached skill level 1 in Axes
  1253 | D:2      | Reached skill level 1 in Maces & Flails
  1253 | D:2      | Reached skill level 1 in Staves
  1253 | D:2      | Reached skill level 1 in Slings
  1253 | D:2      | Reached skill level 1 in Bows
  1253 | D:2      | Reached skill level 1 in Crossbows
  1253 | D:2      | Reached skill level 1 in Throwing
  1253 | D:2      | Reached skill level 1 in Stealth
  1253 | D:2      | Reached skill level 1 in Shields
  1253 | D:2      | Reached skill level 1 in Unarmed Combat
  1253 | D:2      | Reached skill level 1 in Evocations
  1253 | D:2      | Reached XP level 4. HP: 34/38 MP: 11/11
  1634 | D:2      | Found a runed translucent door.
  1635 | D:2      | Noticed Crazy Yiuf
  1642 | D:2      | Killed Crazy Yiuf
  1642 | D:2      | Reached skill level 1 in Conjurations
  1642 | D:2      | Reached skill level 1 in Hexes
  1642 | D:2      | Reached skill level 1 in Summonings
  1642 | D:2      | Reached skill level 1 in Necromancy
  1642 | D:2      | Reached skill level 1 in Translocations
  1642 | D:2      | Reached skill level 1 in Transmutations
  1642 | D:2      | Reached skill level 1 in Fire Magic
  1642 | D:2      | Reached skill level 1 in Ice Magic
  1642 | D:2      | Reached skill level 1 in Air Magic
  1642 | D:2      | Reached skill level 1 in Earth Magic
  1642 | D:2      | Reached skill level 1 in Poison Magic
  1878 | D:3      | HP: 1/38 [poisoned by an adder]
  2276 | D:3      | Reached XP level 5. HP: 11/43 MP: 12/12
  2277 | D:3      | Slain by an orc

Levels and vault maps discovered:
D:1:      lightli_arrival_flooded_house, layout_rooms
D:2:      layout_rooms, uniq_crazy_yiuf_cottage
D:3:      minmay_octagon_keep, layout_basic, nicolae_overflow_crystal_walls,
          corexii_hall_statues_t, uniq_grinder

Skill      XL: |  1  2  3  4 |
---------------+-------------+-----
Spellcasting   | 5 |  5.1
Invocations    | 1 |  1.4
Short Blades   | 1 |  1.2
Long Blades    | 1 |  1.2
Axes           | 1 |  1.2
Maces & Flails | 1 |  1.2
Staves         | 1 |  1.2
Slings         | 1 |  1.2
Bows           | 1 |  1.2
Crossbows      | 1 |  1.2
Throwing       | 1 |  1.2
Stealth        | 1 |  1.2
Shields        | 1 |  1.2
Unarmed Combat | 1 |  1.2
Evocations     | 1 |  1.2
Conjurations   | 1 |  1.0
Hexes          | 1 |  1.0
Summonings     | 1 |  1.0
Necromancy     | 1 |  1.0
Translocations | 1 |  1.0
Transmutations | 1 |  1.0
Fire Magic     | 1 |  1.0
Ice Magic      | 1 |  1.0
Air Magic      | 1 |  1.0
Earth Magic    | 1 |  1.0
Poison Magic   | 1 |  1.0
Fighting       | |  4.7
Polearms       | |  4.7
Armour         | |  2.8
Dodging        | |  4.7
Charms         | |  5.5

Action                   |  1- 3 |  4- 6 || total
-------------------------+-------+-------++-------
Melee: Spear             |   131 |    11 ||   142
       Bite              |     4 |     5 ||     9
       Punch             |     1 |       ||     1
       Mace              |       |    56 ||    56
       Trident           |       |    21 ||    21
 Cast: Infusion          |     1 |       ||     1
       Spectral Weapon   |       |     1 ||     1
  Use: Scroll            |       |     3 ||     3
 Stab: Sleeping          |       |     1 ||     1
  Eat: Chunk             |     1 |     4 ||     5
Armor: Ring mail         |    51 |    28 ||    79
Dodge: Dodged            |   112 |    85 ||   197

Table legend:
 A = Non-vault XP
 B = Vault XP
 C = Vault XP percentage of total XP
 D = Non-vault monster count
 E = Vault monster count
 F = Vault count percentage of total count
                 A         B        C        D         E       F
            +---------+---------+-------+---------+---------+-------
      Total |     126 |      40 |  24.1 |      46 |       1 |   2.1
            +---------+---------+-------+---------+---------+-------
        D:1 |      28 |       0 |   0.0 |      15 |       0 |   0.0
        D:2 |      75 |      40 |  34.8 |      23 |       1 |   4.2
        D:3 |      23 |       0 |   0.0 |       8 |       0 |   0.0
            +---------+---------+-------+---------+---------+-------
